 Dungeon Crawl Stone Soup version 0.15.0-13-gb296d5c (webtiles) character file.

11648 Nebuchadnezzar the Basher (level 11, -2/104 HPs)
             Began as an Ogre Berserker on Sept 3, 2014.
             Was a High Priest of Trog.
             Slain by a yak (14 damage)
             ... on Level 2 of the Lair of Beasts.
             The game lasted 00:35:29 (15577 turns).

Nebuchadnezzar the Basher (Ogre Berserker)         Turns: 15577, Time: 00:35:30

HP  -2/104       AC  4     Str 24      XL: 11   Next: 81%
MP  11/11        EV 16     Int  6      God: Trog [*****.]
Gold 501         SH  0     Dex 12      Spells:  0 memorised, 10 levels left

rFire  . . .     SeeInvis .     w - +3 flail (curse)
rCold  . . .     Clarity  .     r - +1 robe
rNeg   + . .     rCorr    +     (shield restricted)
rPois  .         rRot     .     (helmet restricted)
rElec  .         Spirit   .     (no cloak)
SustAb +         Warding  .     (gloves unavailable)
rMut   .         Stasis   .     (boots unavailable)
Gourm  .                        s - amulet of resist corrosion
MR     +....                    Q - ring of sustain abilities
                                t - ring of positive energy

@: lethally poisoned, exhausted, slowed, very slow, somewhat resistant to
hostile enchantments, very unstealthy
A: unfitting armour, tough skin 1
a: Burn Spellbooks, Berserk, Trog's Hand, Brothers in Arms, Renounce Religion


You were on level 2 of the Lair of Beasts.
You worshipped Trog.
Trog was extremely pleased with you.
You were near starving.

You visited 2 branches of the dungeon, and saw 12 of its levels.

You collected 501 gold pieces.

Inventory:

Hand weapons
 g - a cursed -3 whip
 q - a cursed -2 morningstar
 w - a cursed +3 flail (weapon)
 N - a +0 giant spiked club
 P - a +2 antimagic dire flail
Missiles
 x - 5 javelins
 F - 2 large rocks (quivered)
 J - 5 tomahawks of returning
 M - 3 javelins of returning
Armour
 r - a +1 robe (worn)
 T - a troll hide
Magical devices
 O - a wand of lightning (12)
Comestibles
 c - a meat ration
 d - a beef jerky
 l - 8 bread rations
 n - 2 royal jellies
 p - a slice of pizza
 L - 2 fruits
Scrolls
 a - 2 scrolls of recharging
 h - a scroll of magic mapping
 o - 4 scrolls of enchant weapon
 D - 3 scrolls of teleportation
 K - a scroll of blinking
Jewellery
 s - an amulet of resist corrosion (around neck)
 t - a ring of positive energy (left hand)
 v - an uncursed ring of teleportation
 y - an uncursed ring of positive energy
 Q - a ring of sustain abilities (right hand)
 U - an uncursed ring of ice
Potions
 b - 2 potions of haste
 e - 7 potions of curing
 f - 2 potions of cure mutation
 i - a potion of restore abilities
 j - 5 potions of agility
 m - a potion of flight {unknown}
 u - a potion of invisibility {unknown}
 z - 3 potions of might
 C - a potion of cancellation
 E - a potion of resistance
 G - a potion of heal wounds {unknown}
 H - a potion of berserk rage {unknown}
 I - 2 potions of brilliance {unknown}


   Skills:
 + Level 5.6 Fighting
 - Level 13.6 Maces & Flails
 - Level 13.5 Dodging


You had 10 spell levels left.
You didn't know any spells.

Dungeon Overview and Level Annotations

Branches:
Dungeon (10/15)            Temple (0/1) D:5            Lair (2/8) D:9
    Orc: D:9-12

Altars:
Cheibriados
Dithmenos
Elyvilon
Fedhas
Makhleb
Nemelex Xobeh
Okawaru
Sif Muna
Trog
Yredelemnul
The Shining One

Shops:
D:9 %([*

Annotations:
D:7 !edmund has a distortion weapon, Edmund


Innate Abilities, Weirdness & Mutations

You are too large for most types of armour.
You have tough skin (AC +1).


Message History

The spiny frog is almost dead.
The spiny frog stings you!
* * * LOW HITPOINT WARNING * * *
You bludgeon the spiny frog!!
You kill the spiny frog!
Trog accepts your kill.
You feel sick. The yak closely misses you.
You sock the yak!
The yak is heavily wounded.
You are no longer berserk.
You are exhausted.
You feel yourself slow down.
You are near starving!
Unknown command.
Use which ability? (? or * to list)
You fail to use your ability.
You feel sick. The giant frog barely misses you. The giant frog hits you.
* * * LOW HITPOINT WARNING * * *
The yak gores you!
You die...

,,,****,**,,*******,*,,,*,,***,,,
,,<* *,***** ****,,**** *,,* *,,*
*** **,.#* *,,* *,,****
########*,...* **,,,
,,,,*,***####..#P..##...#* *,,,,
,,,,,,,,,........<......##* **,,*
,,,,,,,,,....F..Y.......P.***,,,*
,,,,,,,,*###..##FY####....,,,,,,,
,,,,,*,** #.,*#@## **,,.,,,,,,,,
,,,,,*** **,,,### **,,,,,,,*****
,,,,,* *,,,*,****,*,,****,*
,,,,,** **,,,,,,,>,,,,** ***
,,,,,,* *,,,,,,,,,,,,,***,* **
,*,,,*******,,,,,,,,,,>,,**,****,
**,,,***,**,,,,,,,,,,,,,,,,,,,,,,
**,,,,,,,,,,,,,,,,,,,,,,,,,,,,,,
***,,,,,,,,,,,,,,,,,,,,,***,*,,,,


You could see 2 yaks and a giant frog.

Vanquished Creatures
  A hill giant (D:10)
  3 spiny frogs
  An item mimic (D:9)
  A two-headed ogre (D:9)
  2 trolls (D:10)
  18 yaks
  Eustachio (D:6)
  Grum (D:8)
  A wyvern (D:10)
  2 hippogriffs
  A hungry ghost (D:8)
  A steam dragon (D:9)
  6 wolves
  A soldier ant (D:10)
  A water moccasin (Lair:2)
  3 ice beasts
  5 orc warriors
  A sky beast (D:9)
  3 ogres
  A black bear (D:9)
  2 phantoms
  6 centaurs
  Sigmund (D:6)
  2 crocodiles
  11 giant frogs
  4 scorpions
  4 wights (D:7)
  9 killer bees
  A centaur zombie (D:6)
  6 crimson imps
  2 goliath beetles
  3 jellies
  3 iguanas
  A giant frog skeleton (D:4)
  6 orc priests
  A gnoll shaman (D:7)
  4 orc wizards
  5 hounds
  3 worker ants
  A hound zombie (D:5)
  A big kobold skeleton (D:9)
  A hound skeleton (D:4)
  5 adders
  10 gnolls
  12 green rats (Lair:1)
  4 giant mites
  2 shadow imps
  2 worms
  4 orc zombies
  An iguana zombie (D:8)
  2 oozes (D:1)
  29 orcs
  11 goblins
  10 hobgoblins
  9 jackals
  7 quokkas
  2 ball pythons (D:3)
  14 bats
  9 giant cockroaches
  3 giant geckos
  6 giant newts
  2 gnoll zombies (D:8)
  11 kobolds
  2 kobold skeletons
  13 rats
  A rat skeleton (D:7)
  3 ballistomycetes (D:9)
305 creatures vanquished.

Vanquished Creatures (collateral kills)
  A basilisk (Lair:1)
1 creature vanquished.

Vanquished Creatures (others)
  A bat (D:9)
  A giant spore (D:9)
  A bush (D:7)
3 creatures vanquished.

Grand Total: 309 creatures vanquished

Notes
Turn   | Place    | Note
--------------------------------------------------------------
     0 | D:1      | Nebuchadnezzar, the Ogre Berserker, began the quest for the Orb.
     0 | D:1      | Reached XP level 1. HP: 24/24 MP: 1/1
   385 | D:1      | Reached XP level 2. HP: 20/32 MP: 2/2
   582 | D:1      | Reached skill level 5 in Maces & Flails
   998 | D:2      | Reached XP level 3. HP: 24/39 MP: 3/3
  1217 | D:2      | Reached skill level 6 in Maces & Flails
  1274 | D:2      | Acquired Trog's second power
  1307 | D:2      | Found a shadowy altar of Dithmenos.
  1387 | D:2      | Reached XP level 4. HP: 48/48 MP: 4/4
  1982 | D:3      | Reached skill level 7 in Maces & Flails
  2581 | D:4      | Reached XP level 5. HP: 39/54 MP: 5/5
  2951 | D:4      | Reached skill level 8 in Maces & Flails
  3091 | D:4      | Reached XP level 6. HP: 20/62 MP: 6/6
  3413 | D:4      | Reached skill level 9 in Maces & Flails
  3681 | D:4      | Noticed a phantom
  3691 | D:4      | Killed a phantom
  3731 | D:4      | Reached skill level 10 in Maces & Flails
  3731 | D:4      | Reached XP level 7. HP: 40/70 MP: 7/7
  4230 | D:5      | Entered Level 5 of the Dungeon
  4422 | D:5      | Reached skill level 11 in Maces & Flails
  4925 | D:5      | Found a staircase to the Ecumenical Temple.
  5155 | D:6      | Noticed Eustachio
  5175 | D:6      | Killed Eustachio
  5175 | D:6      | Reached skill level 12 in Maces & Flails
  5175 | D:6      | Reached XP level 8. HP: 53/78 MP: 8/8
  5233 | D:6      | Acquired Trog's third power
  5251 | D:6      | Found a white marble altar of Elyvilon.
  6101 | D:6      | Reached skill level 13 in Maces & Flails
  6368 | D:7      | Found a blossoming altar of Fedhas.
  7091 | D:7      | Reached XP level 9. HP: 72/84 MP: 9/9
  7114 | D:7      | Noticed Sigmund
  7206 | D:6      | Killed Sigmund
  7393 | D:7      | Reached skill level 5 in Dodging
  7866 | D:7      | Noticed Edmund
  8268 | D:7      | Received a gift from Trog
 10026 | D:8      | Found a burning altar of Makhleb.
 10028 | D:8      | Found a sparkling altar of Nemelex Xobeh.
 10054 | D:8      | Noticed Grum
 10071 | D:8      | Reached XP level 10. HP: 92/92 MP: 10/10
 10075 | D:8      | Killed Grum
 10191 | D:8      | Found a snail-covered altar of Cheibriados.
 10191 | D:8      | Found a deep blue altar of Sif Muna.
 10191 | D:8      | Found an iron altar of Okawaru.
 10193 | D:8      | Found a bloodstained altar of Trog.
 10193 | D:8      | Found a glowing golden altar of the Shining One.
 10322 | D:8      | Found a basalt altar of Yredelemnul.
 10521 | D:9      | Found a staircase to the Lair.
 10547 | D:9      | Received a gift from Trog
 10853 | D:9      | Reached skill level 10 in Dodging
 10861 | D:9      | Found Ysagais' Food Shop.
 11062 | D:9      | Found Duopivyu's Weapon Shoppe.
 11067 | D:9      | Found Saazul's Armour Shoppe.
 11321 | D:9      | Found Suqenai's General Store.
 11408 | D:9      | Received a gift from Trog
 12217 | D:10     | Entered Level 10 of the Dungeon
 12234 | D:10     | Noticed a hill giant
 12243 | D:10     | Killed a hill giant
 12321 | D:10     | Received a gift from Trog
 12570 | D:10     | Reached XP level 11. HP: 100/100 MP: 11/11
 14135 | Lair:1   | Entered Level 1 of the Lair of Beasts
 15569 | Lair:2   | Reached skill level 5 in Fighting
 15577 | Lair:2   | Slain by a yak

Action                   |  1- 3 |  4- 6 |  7- 9 | 10-12 || total
-------------------------+-------+-------+-------+-------++-------
Melee: Mace              |   103 |   168 |       |       ||   271
       Flail             |       |     8 |   289 |   491 ||   788
       Whip              |       |       |   172 |       ||   172
Throw: Stone             |     8 |       |       |       ||     8
       Large rock        |       |       |     2 |     4 ||     6
       Javelin           |       |       |       |     8 ||     8
Invok: Berserk           |     1 |     1 |     5 |     6 ||    13
       Burn Spellbooks   |       |       |     1 |       ||     1
       Brothers in Arms  |       |       |       |     1 ||     1
Evoke: Wand              |       |       |       |     1 ||     1
  Use: Scroll            |     5 |     7 |     8 |     7 ||    27
 Stab: Sleeping          |       |     1 |     1 |     1 ||     3
  Eat: Chunk             |     1 |     9 |    13 |    10 ||    33
       Beef jerky        |       |       |     2 |     1 ||     3
       Meat ration       |       |       |     2 |     2 ||     4
       Pizza             |       |       |     1 |       ||     1
       Fruit             |       |       |       |     2 ||     2
